 Dungeon Crawl Stone Soup version 0.18.1-5-g4a78601 (webtiles) character file.

13431 st0uf the Basher (level 11, -23/101 HPs)
             Began as a Black Draconian Berserker on May 12, 2016.
             Was an Elder of Trog.
             Killed from afar by an ice statue (27 damage)
             ... with a freezing blast
             ... on level 11 of the Dungeon.
             The game lasted 01:01:26 (12923 turns).

st0uf the Basher (Black Draconian Berserker)       Turns: 12923, Time: 01:01:27

Health: -23/101    AC: 17    Str: 22    XL:     11   Next: 75%
Magic:  11/11      EV: 17    Int:  8    God:    Trog [****..]
Gold:   580        SH:  0    Dex: 11    Spells: 0 memorised, 10 levels left

rFire  + . .     SeeInvis +     A - +6 flail (protect)
rCold  . . .     Gourm    .     (armour unavailable)
rNeg   . . .     Faith    .     (no shield)
rPois  .         Spirit   .     u - +0 hat
rElec  +         Dismiss  .     o - +0 cloak
rCorr  .         Reflect  .     N - +2 pair of gloves of Onuzxago {-Cast rF+ MR+ Regen+}
SustAt +         Harm     +     P - +0 pair of boots
MR     +++..     NoCast   +     d - amulet of harm
Stlth  ++........               m - ring of see invisible
                                g - ring of sustain attributes

@: about to teleport, regenerating, studying 2 skills, extremely resistant to
hostile enchantments, unstealthy
A: breathe lightning, unfitting armour, electricity resistance, cold-blooded, AC
+7
a: Breathe Lightning, Berserk, Trog's Hand, Brothers in Arms, Burn Spellbooks,
Renounce Religion


You were on level 11 of the Dungeon.
You worshipped Trog.
Trog was greatly pleased with you.
You were not hungry.

You visited 2 branches of the dungeon, and saw 12 of its levels.
You also visited: Bailey.

You collected 625 gold pieces.
You spent 45 gold pieces at shops.

Inventory:

Hand Weapons
 t - a +0 morningstar
 z - a +2 antimagic morningstar
 A - a +6 flail of protection (weapon)
Missiles
 a - 290 bolts
 i - 13 tomahawks (quivered)
 K - 8 steel javelins
 Z - 7 javelins of penetration
Armour
 o - a +0 cloak (worn)
 u - a +0 hat (worn)
 E - a +0 pair of gloves
 N - the +2 pair of gloves of Onuzxago (worn) {-Cast rF+ MR+ Regen+}
   (You found it on level 9 of the Dungeon)

   It protects you from fire.
   It affects your resistance to hostile enchantments.
   It prevents spellcasting.
   It increases your rate of regeneration.
 P - a +0 pair of boots (worn)
Jewellery
 d - an amulet of harm (around neck)
 g - a ring of sustain attributes (left hand)
 m - a ring of see invisible (right hand)
 M - an uncursed ring of fire
Wands
 w - a wand of paralysis (10/24)
 y - a wand of polymorph (5/24)
 U - a wand of polymorph (18/24)
 X - a wand of polymorph (14/24)
 Y - a wand of paralysis (15/24)
Scrolls
 f - 11 scrolls of identify {unknown}
 j - 2 scrolls of enchant weapon
 l - 4 scrolls of recharging {unknown}
 n - 7 scrolls of remove curse {unknown}
 r - 4 scrolls of teleportation
 s - a scroll of blinking {unknown}
 v - 4 scrolls of enchant armour {unknown}
 x - 2 scrolls of noise {unknown}
 C - a scroll of fear {unknown}
 F - 3 scrolls of vulnerability {unknown}
 J - a scroll of acquirement {unknown}
Potions
 c - 2 potions of cure mutation {unknown}
 e - 2 potions of degeneration {unknown}
 h - 3 potions of brilliance {unknown}
 p - a potion of cancellation {unknown}
 q - 3 potions of flight {unknown}
 B - a potion of resistance {unknown}
 G - a potion of agility {unknown}
 H - a potion of curing
 I - 3 potions of ambrosia {unknown}
 L - 2 potions of lignification {unknown}
 T - a potion of mutation {unknown}
 W - a potion of might {unknown}
Books
 O - a book of Fire

   Spells                             Type                      Level
   a - Ignite Poison                  Fire/Transmutation/Poison    3
   b - Fireball                       Conjuration/Fire             5
   c - Bolt of Fire                   Conjuration/Fire             6
   d - Delayed Fireball               Conjuration/Fire             7
   e - Ring of Flames                 Charms/Fire                  7
   Trog disapproves of the use of such an item.
 Q - a manual of Shields
 V - a manual of Fighting
Comestibles
 b - 12 bread rations
 k - 5 chunks of flesh
 D - 2 beef jerkies
 R - 3 meat rations
 S - 3 fruits


   Skills:
 + Level 10.3 Fighting
 + Level 11.5 Maces & Flails
 + Level 0.8 Throwing
 + Level 10.7 Dodging
 + Level 5.5 Stealth


You had 10 spell levels left.
You didn't know any spells.

Dungeon Overview and Level Annotations

Branches:
Dungeon (11/15)            Temple (1/1) D:6            Lair (0/8) D:8
    Orc (0/2) D:10

Altars:
Dithmenos
Elyvilon
Gozag
Kikubaaqudgha
Makhleb
Pakellas
Sif Muna
Zin

Shops:
D:7 ([?

Annotations:
D:11 exclusion: ice statue


Innate Abilities, Weirdness & Mutations

You can breathe wild blasts of lightning.
Your glossy black scales are hard (AC +7).
Your body does not fit into most forms of armour.
You are resistant to electric shocks.
You are cold-blooded and may be slowed by cold attacks.


Message History

The bolt of cold hits you!
There is an open door here.
The ice statue gestures.
The ice statue glitters chillingly in the dim dungeon light.
You fail to use your ability.
The ice statue gestures at you. The bolt of cold hits you!
The ice beast misses you.
You fail to use your ability.
The ice beast misses you.
You fail to use your ability.
The ice statue gestures at you. The shard of ice hits you!
* * * LOW HITPOINT WARNING * * *
The ice beast hits you but does no damage.
Read which item? (? for menu, Esc to quit)
As you read the scroll of teleportation, it crumbles to dust.
You feel strangely unstable.
The ice beast hits you but does no damage.
The ice statue gestures at you. The freezing blast engulfs you!
You die...

****** *** *,,,>,
,,************####### #.....
,,,,,,,,,,,,,*#.....# #.....
,*********,,,*#.....# #.....
,*,,,,,,,*,.,*#.....# #.....
,*,,,,,,,*,.,*#..8..########.....
,*,,,,,,,**#.*#...Y.#*...........
,+,,,,,,,,,#.*#.@...#**#.........
,***,,,,,,,#.####'### #.........
,,,*,,,,,,,#...##.# #.........
,,,*,,,,,,##......# #.........
,,,*****,,#....#########.........
,,,,,,,*,<#................######
,,,,,,,***#........<....รท..# #
,,,,,,,,...................# #
,,,**+**###............)...# #


You could see an ice statue and an ice beast.

Vanquished Creatures
  Erica (D:9)
  The ghost of zkyp the Spear-Bearer, a novice HOHu of Beogh (Bailey)
  2 unseen horrors (D:11)
  3 hill giants
  A troll (D:10)
  A two-headed ogre (D:10)
  A spriggan (D:7)
  2 wyverns
  2 hill giant zombies (D:10)
  8 yaks
  A hippogriff (D:6)
  5 hungry ghosts
  Menkaure (D:6)
  Edmund (D:4)
  2 porcupines (D:8)
  7 orc warriors
  2 sky beasts
  A phantom (D:4)
  2 black bears
  An ice beast (D:5)
  A wasp (D:10)
  4 ogres
  5 centaurs
  4 crocodiles (D:8)
  Blork the orc (D:5)
  3 giant frogs
  A scorpion (D:6)
  3 troll zombies (D:10)
  3 killer bees (D:10)
  12 wights
  6 howler monkeys
  11 crimson imps
  A centaur zombie (D:5)
  5 hounds
  5 orc priests
  2 giant frog skeletons
  A gnoll shaman (D:4)
  A jelly (D:6)
  Jessica (D:3)
  2 iguanas
  Natasha (thrice) (D:3)
  5 orc wizards
  14 worker ants
  8 sheep (D:8)
  An ogre zombie (D:10)
  A hound zombie (D:4)
  2 hound skeletons
  A worker ant zombie (D:6)
  8 gnolls
  9 adders
  4 river rats (D:8)
  2 shadow imps
  A white imp (D:7)
  An ooze (D:4)
  2 adder skeletons
  2 adder zombies (D:7)
  3 dart slugs
  5 giant geckos
  45 orcs
  12 bats
  5 giant cockroaches
  8 goblins
  9 hobgoblins
  10 jackals
  4 quokkas
  A ball python skeleton (D:4)
  3 giant gecko skeletons
  3 giant newts
  2 goblin skeletons (D:10)
  4 goblin zombies (D:10)
  A hobgoblin skeleton (D:10)
  3 hobgoblin zombies (D:10)
  7 kobolds
  2 orc skeletons (D:10)
  7 orc zombies (D:10)
  2 quokka skeletons
  A quokka zombie (D:8)
  11 rats
329 creatures vanquished.

Vanquished Creatures (collateral kills)
  An orc knight (Bailey)
  A gargoyle (D:11)
  3 orc warriors (Bailey)
5 creatures vanquished.

Vanquished Creatures (others)
  A quokka (D:9)
  A fungus (D:8)
  A plant (D:8)
3 creatures vanquished.

Grand Total: 337 creatures vanquished

Notes
Turn   | Place    | Note
--------------------------------------------------------------
     0 | D:1      | st0uf the Draconian Berserker began the quest for the Orb.
     0 | D:1      | Reached XP level 1. HP: 19/19 MP: 1/1
   203 | D:1      | Reached XP level 2. HP: 19/26 MP: 2/2
  1075 | D:1      | Reached ** piety under Trog
  1094 | D:1      | Reached XP level 3. HP: 26/31 MP: 3/3
  1896 | D:3      | Noticed Natasha
  1910 | D:3      | Killed Natasha
  1910 | D:3      | Reached skill level 1 in Stealth
  1910 | D:3      | Reached XP level 4. HP: 40/40 MP: 4/4
  2263 | D:3      | Reached skill level 4 in Maces & Flails
  2288 | D:3      | Noticed Jessica
  2306 | D:3      | Killed Jessica
  2306 | D:3      | Reached XP level 5. HP: 46/46 MP: 5/5
  2319 | D:3      | Noticed Natasha
  2366 | D:3      | Killed Natasha
  2387 | D:3      | Reached *** piety under Trog
  2806 | D:3      | Reached XP level 6. HP: 38/53 MP: 6/6
  3404 | D:3      | Noticed Natasha
  3486 | D:3      | Killed Natasha
  3486 | D:3      | Reached **** piety under Trog
  3645 | D:4      | Noticed a sky beast
  3658 | D:4      | Killed a sky beast
  3828 | D:4      | Reached skill level 5 in Dodging
  4061 | D:4      | Your scales start taking on a glossy black colour.
  4061 | D:4      | Reached XP level 7. HP: 55/60 MP: 7/7
  4061 | D:4      | Gained mutation: You are resistant to electric shocks. [Black Draconian growth]
  4099 | D:4      | Found a burning altar of Makhleb.
  4099 | D:4      | Noticed a cacodemon
  4169 | D:4      | Noticed Edmund
  4183 | D:4      | Killed Edmund
  4183 | D:4      | Reached skill level 5 in Fighting
  4183 | D:4      | Reached skill level 5 in Maces & Flails
  4700 | D:4      | Found a shadowy altar of Dithmenos.
  4761 | D:4      | Found a glowing silver altar of Zin.
  4772 | D:4      | Found an ancient bone altar of Kikubaaqudgha.
  4888 | D:4      | Found an oddly glowing altar of Pakellas.
  4916 | D:5      | Entered Level 5 of the Dungeon
  5030 | D:5      | Found an opulent altar of Gozag.
  5112 | D:5      | Noticed Blork the orc
  5135 | D:5      | Reached XP level 8. HP: 61/69 MP: 8/8
  5212 | D:5      | Reached skill level 6 in Maces & Flails
  5467 | D:5      | Killed Blork the orc
  6044 | D:6      | Reached skill level 7 in Maces & Flails
  6177 | D:6      | Reached XP level 9. HP: 60/78 MP: 9/9
  6234 | D:6      | Noticed Menkaure
  6249 | D:6      | Killed Menkaure
  6477 | D:6      | Found a staircase to the Ecumenical Temple.
  6483 | Temple   | Entered the Ecumenical Temple
  6722 | D:7      | Found Ymulukko's Armour Emporium.
  6727 | D:7      | Found Plog's Magic Scroll Boutique.
  6736 | D:7      | Bought a scroll of teleportation for 45 gold pieces
  6769 | D:7      | Found Kaecse's Weapon Shoppe.
  6825 | D:7      | Reached ***** piety under Trog
  6873 | D:7      | Reached skill level 8 in Maces & Flails
  7693 | D:8      | Reached XP level 10. HP: 88/88 MP: 10/10
  7934 | D:8      | Reached skill level 9 in Maces & Flails
  8430 | D:8      | Found a staircase to the Lair.
  8515 | D:8      | Reached skill level 5 in Stealth
  8872 | D:9      | Got a pair of pitted gloves
  8883 | D:9      | Identified the +2 pair of gloves of Onuzxago {-Cast rF+ MR+ Regen+} (You found it on level 9 of the Dungeon)
  8893 | D:9      | You fall through a shaft!
  8893 | D:10     | Entered Level 10 of the Dungeon
  8893 | D:10     | Noticed a hill giant
  8913 | D:10     | Killed a hill giant
  9155 | D:10     | Reached skill level 10 in Maces & Flails
  9486 | D:10     | Found a staircase to the Orcish Mines.
  9542 | D:10     | Noticed a hill giant
  9555 | D:10     | Killed a hill giant
  9668 | D:10     | Reached XP level 11. HP: 97/97 MP: 11/11
 10246 | D:9      | Found a deep blue altar of Sif Muna.
 10274 | D:9      | Noticed Erica
 10290 | D:9      | Killed Erica
 10433 | D:9      | Found a white marble altar of Elyvilon.
 10467 | D:9      | Found a shadowy altar of Dithmenos.
 10483 | D:9      | Noticed a hill giant
 10506 | D:9      | Killed a hill giant
 10506 | D:9      | Reached skill level 10 in Dodging
 11294 | D:11     | Reached skill level 11 in Maces & Flails
 11314 | D:11     | Noticed an unseen horror
 11324 | D:11     | Killed an unseen horror
 11335 | D:11     | Noticed an unseen horror
 11359 | D:11     | Killed an unseen horror
 11359 | D:11     | Received a gift from Trog
 11359 | D:11     | Reached skill level 10 in Fighting
 11390 | D:11     | Found a flagged portal.
 11400 | Bailey   | Entered a bailey
 11432 | Bailey   | Noticed zkyp's ghost (novice HOHu)
 11469 | Bailey   | Killed zkyp's ghost
 12188 | Bailey   | Noticed an orc knight
 12243 | Bailey   | Killed an orc knight
 12921 | D:11     | HP: 1/101 [ice statue/shard of ice (35)]
 12923 | D:11     | Killed from afar by an ice statue

Skill      XL: |  1  2  3  4  5  6  7  8  9 10 11 |
---------------+----------------------------------+-----
Dodging        | 3 4 5 6 7 8 9 10 | 10.7
Stealth        | 1 3 4 5 |  5.5
Maces & Flails | 4 5 7 8 10 11 | 11.5
Fighting       | 4 5 6 7 9 10 | 10.3
Throwing       | |  0.8

Action                   |  1- 3 |  4- 6 |  7- 9 | 10-12 || total
-------------------------+-------+-------+-------+-------++-------
Melee: Mace              |   129 |       |       |       ||   129
       Tailslap          |    13 |    17 |    48 |    65 ||   143
       Morningstar       |    12 |   176 |    18 |       ||   206
       Flail             |       |       |   316 |   406 ||   722
Throw: Tomahawk          |     6 |       |       |       ||     6
Invok: Berserk           |       |       |     2 |     2 ||     4
       Trog's Hand       |       |       |     1 |     6 ||     7
       Brothers in Arms  |       |       |       |     4 ||     4
       Burn Spellbooks   |       |       |       |     1 ||     1
 Abil: Breathe Lightning |       |       |       |     2 ||     2
  Use: Scroll            |       |       |       |     3 ||     3
 Stab: Sleeping          |     2 |     2 |     6 |     4 ||    14
       Distracted        |       |       |     1 |       ||     1
  Eat: Chunk             |     3 |     7 |    15 |    16 ||    41
       Meat ration       |       |       |       |     3 ||     3
       Pizza             |       |       |       |     2 ||     2
       Fruit             |       |       |       |     1 ||     1
Armor: Skin              |    57 |    47 |    93 |   120 ||   317
Dodge: Dodged            |   100 |   119 |   209 |   313 ||   741
